 Dungeon Crawl Stone Soup version 0.16.1-28-gcc2312f (webtiles) character file.

55 Hanyuu the Insei (level 3, -2/23 HPs)
             Began as an Octopode Transmuter on May 29, 2015.
             Slain by a goblin
             ... wielding a +1 dagger of venom
             ... led by Robin
              (4 damage)
             ... on level 2 of the Dungeon.
             The game lasted 00:03:02 (1216 turns).

Hanyuu the Insei (Octopode Transmuter)              Turns: 1216, Time: 00:03:02

Health: -2/23      AC:  1    Str:  9    XL:     3   Next: 93%
Magic:  2/6        EV: 12    Int: 16    God:
Gold:   84         SH:  0    Dex: 12    Spells: 3 memorised, 0 levels left

rFire  . . .     SeeInvis .       - Unarmed
rCold  . . .     Clarity  .     (no shield)
rNeg   . . .     SustAb   .     (helmet restricted)
rPois  .         Gourm    .     (no amulet)
rElec  .         Spirit   .     (no ring)
rCorr  .         Warding  .     (no ring)
rMut   .         Stasis   .     (no ring)
MR     .....                    (no ring)
Stlth  ++........               (no ring)
                                (no ring)
                                (no ring)
                                (no ring)

@: lethally poisoned (-2 -> -7), not resistant to hostile enchantments,
unstealthy
A: almost no armour, amphibious, 8 rings, constrict 8, camouflage 1, gelatinous
body 1
a: no special abilities


You were on level 2 of the Dungeon.
You were not hungry.

You visited 1 branch of the dungeon, and saw 2 of its levels.

You collected 84 gold pieces.

Inventory:

Missiles
 b - 12 arrows
Scrolls
 e - a scroll of identify {unknown}
 g - a scroll of magic mapping {unknown}
Potions
 c - a potion of cancellation
Books
 d - a book of Changes

   Spells                             Type                      Level
   a - Beastly Appendage              Transmutation                1
   b - Sticks to Snakes               Transmutation                2
   c - Spider Form                    Transmutation/Poison         3
   d - Ice Form                       Ice/Transmutation            4
   e - Blade Hands                    Transmutation                5
Comestibles
 a - a bread ration
 f - 6 chunks of flesh
 h - a royal jelly


   Skills:
 - Level 1.0 Fighting
 - Level 2.0 Dodging
 + Level 4.7 Unarmed Combat
 - Level 2.0 Spellcasting
 - Level 2.0 Transmutations


You couldn't memorise any spells.
You knew the following spells:

 Your Spells              Type           Power        Failure   Level  Hunger
a - Beastly Appendage     Trmt           #.....       10%         1    #......
b - Sticks to Snakes      Trmt           #.........   14%         2    ###....
c - Spider Form           Trmt/Pois      #.........   38%         3    ###....


Dungeon Overview and Level Annotations

Branches:
Dungeon (2/15)

Altars:
Vehumet

Annotations:
D:2 Robin


Innate Abilities, Weirdness & Mutations

You cannot wear most types of armour.
You are amphibious.
You can wear up to eight rings at the same time.
You can use your tentacles to constrict many enemies at once.
Your skin changes colour to match your surroundings (Stealth).
Your rubbery body absorbs attacks (AC +1).


Message History

A kobold comes into view.
The goblin shoots a stone.
The stone barely misses you.
The kobold moves out of view.
Things that are here:
a stone; a dagger; a goblin corpse Robin throws the goblin at you!
* * * LOW HITPOINT WARNING * * *
The goblin closely misses you. The goblin hits you but does no damage.
You are lethally poisoned!
* * * LOW HITPOINT WARNING * * *
You feel sick. The goblin hits you but does no damage.
* * * LOW HITPOINT WARNING * * *
You feel sick.
* * * LOW HITPOINT WARNING * * *
You feel sick. Robin throws the goblin at you!
* * * LOW HITPOINT WARNING * * *
There is a stone staircase leading up here.
The goblin hits you with a dagger of venom.
You die...

.....# ##..##.###.# .....#
######..##...##.. .....#
#......##.....##. .....#
#......#.......#. .....#
#.........._..... .....#
########......#.......## ...).#
#......+......##.....##
.....#####...g.##.......##.†.##
......K.g.g.g...@.......>##.##
......###......#.g#.###.....#
....g.# #......#.##.# #.#####
......# #......#....# #.#
.##.....#......########.#
.##.....#.............#.#
.##.....#.÷...#######.#.#######
g##.....#.....# #.#.#.....#
g##.....#.....### #.#.#.###.#


You could see Robin, 2 hobgoblins and 2 goblins.

Vanquished Creatures
  An adder (D:2)
  A worm (D:2)
  An ooze (D:1)
  3 bats
  5 giant cockroaches
  12 goblins
  5 hobgoblins
  2 giant newts
  6 kobolds
  2 rats (D:2)
38 creatures vanquished.

Notes
Turn   | Place    | Note
--------------------------------------------------------------
     0 | D:1      | Hanyuu, the Octopode Transmuter, began the quest for the Orb.
     0 | D:1      | Reached XP level 1. HP: 13/13 MP: 3/3
   140 | D:1      | Reached XP level 2. HP: 8/18 MP: 4/4
   595 | D:1      | Reached skill level 4 in Unarmed Combat
   755 | D:2      | Reached XP level 3. HP: 16/23 MP: 3/6
   916 | D:2      | Learned a level 2 spell: Sticks to Snakes
   920 | D:2      | Learned a level 3 spell: Spider Form
   970 | D:2      | Found a radiant altar of Vehumet.
  1158 | D:2      | Noticed Robin
  1216 | D:2      | Slain by a goblin

Action                   || total
-------------------------++-------
Melee: Unarmed           ||    70
 Cast: Beastly Appendage ||     1
       Spider Form       ||     1
  Use: Potion            ||     1
 Stab: Sleeping          ||     4
  Eat: Chunk             ||     1
